Map: Orbital Shipyard

Players

FireCake - Winner!

  • Race: Zerg Zerg
  • League: Master

Miszu

  • Race: Terran Terran
  • League: Master

VOD

Have the link to the VOD?

Description

Time

  • Played on: Feb. 5, 2016, 11:29 a.m.
  • Length: 5:31
Show
View Real Time Build Order
Export as new Build Order

FireCake Zerg - Winner!

Build Orders: Pool First, Roach Nydus 

Get SALT Encoding   

  12  0:01  Drone  
  13  0:08  Drone  
  14  0:17  Overlord  
  14  0:22  Extractor  
  14  0:23  Drone  
  15  0:35  Drone x2  
  17  0:43  Spawning Pool  
  17  0:47  Drone  
  17  0:54  Drone  
  18  1:01  Extractor  
  17  1:12  Hatchery  
  17  1:16  Drone  
  17  1:19  Drone  
  18  1:29  Queen  
  20  1:34  Drone  
  20  1:39  Overlord  
  21  1:48  Drone  
  22  1:59  Drone  
  23  2:05  Queen  
  25  2:10  Drone  
  26  2:20  Drone  
  27  2:26  Queen  
  29  2:32  Drone x2  
  31  2:37  Drone x3  
  31  2:38  Drone  
  35  2:48  Extractor, Queen  
  35  2:50  Overlord  
  36  3:02  Roach Warren, Overlord  
  35  3:06  Lair  
  35  3:09  Drone  
  35  3:10  Drone  
  35  3:28  Queen  
  35  3:31  Zergling x8  
  39  3:38  Extractor  
  38  3:45  Roach  
  38  3:46  Roach x4  
  45  4:01  Roach x3  
  51  4:03  Overlord  
  49  4:16  Nydus Network  
  47  4:20  Overseer  
  47  4:23  Roach x3  
  53  4:33  Overlord  
  53  4:34  Roach  
  53  4:35  Roach  
  57  4:42  Roach  
  59  4:47  Overlord  
  59  4:55  Nydus Canal  
  59  5:01  Roach x2  
  63  5:09  Roach x2  
Show
View Real Time Build Order
Export as new Build Order

Miszu Terran 

Build Orders:  

Get SALT Encoding   

  12  0:01  SCV  
  13  0:13  SCV  
  14  0:18  Supply Depot  
  14  0:25  SCV  
  15  0:39  SCV  
  15  0:40  Barracks  
  16  0:45  Refinery  
  16  0:51  SCV  
  17  0:58  Barracks  
  17  1:03  SCV  
  18  1:15  SCV  
  19  1:27  Orbital Command  
  19  1:28  Reaper  
  20  1:34  Barracks  
  20  1:45  Reaper  
  21  1:50  Supply Depot  
  21  1:53  SCV  
  22  1:56  Refinery  
  22  2:04  Reaper  
  23  2:12  SCV  
  24  2:19  Supply Depot  
  25  2:22  Reaper  
  25  2:24  SCV  
  26  2:31  Reaper  
  27  2:39  Reaper  
  27  2:40  SCV  
  29  2:55  Reaper  
  29  2:56  SCV  
  29  2:58  Command Center  
  31  3:03  Reaper  
  32  3:09  SCV  
  32  3:11  Reaper  
  34  3:28  Reaper  
  35  3:34  SCV  
  35  3:36  Reaper  
  35  3:37  Command Center  
  34  3:59  SCV  
  34  4:01  Barracks Tech Lab  
  35  4:05  Factory  
  35  4:11  Barracks Reactor  
  35  4:16  SCV  
  36  4:17  Barracks Tech Lab  
  36  4:19  Marine  
  36  4:22  Orbital Command  
  37  4:28  SCV  
  38  4:35  Barracks  
  38  4:37  Marine  
  38  4:38  Barracks  
  39  4:40  SCV  
  39  4:41  Marine  
  40  4:47  Supply Depot, Marine x2  
  40  4:52  SCV  
  43  4:55  Marine  
  43  4:58  Marine  
  45  5:05  Marine x2  
Tags
 
Add a new tag
Caveats
  • Supply blocks, unpowered buildings, or Contaminate may cause inaccurate times.
  • Supply counts are checked every 10 seconds.